 Dungeon Crawl Stone Soup version 0.23-a0-489-g205b0b6 (webtiles) character file.

51 MisterFreud the Cutter (level 4, -5/28 HPs)
             Began as a Kobold Berserker on Dec 2, 2018.
             Was a Believer of Trog.
             Killed from afar by Natasha (8 damage)
             ... with a magic dart
             ... on level 2 of the Dungeon.
             The game lasted 00:02:36 (1361 turns).

MisterFreud the Cutter (Kobold Berserker)           Turns: 1361, Time: 00:02:37

Health: -5/28      AC:  2    Str: 15    XL:     4   Next: 7%
Magic:  4/4        EV: 14    Int: 11    God:    Trog [**....]
Gold:   68         SH:  0    Dex: 14    Spells: 3/3 levels left

rFire    . . .     SeeInvis .   a - +0 short sword
rCold    . . .     Gourm    .   (shield restricted)
rNeg     . . .     Faith    .   b - +0 animal skin
rPois    .         Spirit   .   (no helmet)
rElec    .         Reflect  .   (no cloak)
rCorr    .         Harm     .   (no gloves)
MR       .....                  (no boots)
Stlth    ++........             (no amulet)
HPRegen  0.09/turn              g - +3 ring of intelligence
MPRegen  0.09/turn              k - ring of flight

@: heavily drained
A: small, carnivore
a: Berserk, Trog's Hand, Renounce Religion, Evoke Flight


You were on level 2 of the Dungeon.
You worshipped Trog.
Trog was pleased with you.
You were completely stuffed.

You visited 1 branch of the dungeon, and saw 2 of its levels.

You collected 68 gold pieces.

Inventory:

Hand Weapons
 a - a +0 short sword (weapon)
Missiles
 e - 13 bolts
 i - 10 stones (quivered)
Armour
 b - a +0 animal skin (worn)
Jewellery
 g - a +3 ring of intelligence (left hand)
 k - a ring of flight (right hand)
Scrolls
 h - 2 scrolls of identify {unknown}
 j - a scroll of remove curse {unknown}
 m - a scroll of teleportation {unknown}
 p - a scroll of amnesia {unknown}
Potions
 d - a potion of curing {unknown}
 f - a potion of flight {unknown}
 l - a potion of might {unknown}
Comestibles
 c - a ration


   Skills:
 - Level 3.2(1.7) Fighting
 + Level 5.4(3.8) Short Blades
 - Level 1.5(0.1) Armour
 - Level 2.4(0.9) Dodging
 + Level 3.0(1.5) Stealth


You had 3 spell levels left.
You didn't know any spells.
Your spell library was empty.

Dungeon Overview and Level Annotations

Branches:
Dungeon (2/15)

Altars:

Annotations:
D:2 Natasha


Innate Abilities, Weirdness & Mutations

You are small and have problems with some larger weapons.
You are carnivorous and can eat meat at any time.


Message History

The crimson imp blinks!
Natasha closely misses you.
You closely miss Natasha.
Natasha is severely wounded.
Natasha claws you.
You barely miss Natasha.
Natasha is severely wounded.
The crimson imp blinks!
You miss Natasha.
Natasha is severely wounded.
Natasha claws you.
* * * LOW HITPOINT WARNING * * *
You hit Natasha.
Natasha is severely wounded.
Natasha claws you.
* * * LOW HITPOINT WARNING * * *
You hit Natasha but do no damage.
Natasha is severely wounded.
Natasha casts a spell at you. The magic dart hits you!
You die...

#. #.#.<...........
#.................##
#.###.............#
#...#.#...........#
###...#.§.....#.....#
#.......#.......###.#
#.........#.......#.##
#.............#.#.#.##
###..@#...........÷..+
#..h#.#.#.).#......#
#####.#.#...#.#.#..#
............#...
#....#.....###..#
#....##..........
#..>.##........##
#######...#.#..##
#..........


You could see Natasha.

Vanquished Creatures
  An adder (D:2)
  A worm (D:2)
  2 dart slugs (D:1)
  A leopard gecko (D:1)
  5 bats
  A giant cockroach (D:1)
  3 goblins (D:1)
  3 hobgoblins (D:1)
  3 jackals (D:1)
  A ball python (D:1)
  2 frilled lizards
  9 kobolds
  3 rats (D:1)
35 creatures vanquished.

Notes
Turn   | Place    | Note
-------+----------+-------------------------------------------
     0 | D:1      | MisterFreud the Kobold Berserker began the quest for the
                  | Orb.
     0 | D:1      | Reached XP level 1. HP: 14/14 MP: 1/1
   237 | D:1      | Reached XP level 2. HP: 12/19 MP: 2/2
   270 | D:1      | Reached skill level 1 in Stealth
   487 | D:1      | Reached XP level 3. HP: 21/23 MP: 3/3
   514 | D:1      | Reached skill level 5 in Short Blades
   560 | D:1      | Reached ** piety under Trog
  1303 | D:2      | Reached XP level 4. HP: 28/28 MP: 4/4
  1350 | D:2      | Noticed Natasha
  1361 | D:2      | Killed from afar by Natasha

Vault maps used:
D:1:      matt_arrival_diagonals, hex_medium, st_stairs_13,
          serial_bayou_lagoon_a, amethyst_killhole, minmay_cut_off
D:2:      minmay_diamond_boxcup, gammafunk_temple_overflow_elements,
          uniq_natasha, uniq_crazy_yiuf_cottage

Skill      XL: |  1  2  3  4 |
---------------+-------------+-----
Stealth        | 1 2 3 |  3.0
Short Blades   | 5 |  5.4
Fighting       | |  3.2
Armour         | |  1.5
Dodging        | |  2.4

Action                   |  1- 3 |  4- 6 || total
-------------------------+-------+-------++-------
Melee: Short sword       |   133 |    13 ||   146
Invok: Berserk           |     2 |       ||     2
 Stab: Sleeping          |     1 |     1 ||     2
  Eat: Chunk             |    11 |     1 ||    12
Armor: Animal skin       |    19 |       ||    19
Dodge: Dodged            |   105 |     3 ||   108

Table legend:
 A = Non-vault XP
 B = Vault XP
 C = Vault XP percentage of total XP
 D = Non-vault monster count
 E = Vault monster count
 F = Vault count percentage of total count
                 A         B        C        D         E       F
            +---------+---------+-------+---------+---------+-------
      Total |      71 |       3 |   4.1 |      32 |       3 |   8.6
            +---------+---------+-------+---------+---------+-------
        D:1 |      47 |       3 |   6.0 |      25 |       3 |  10.7
        D:2 |      24 |       0 |   0.0 |       7 |       0 |   0.0
            +---------+---------+-------+---------+---------+-------
